 Dungeon Crawl Stone Soup version 0.29.1-1-gd02db6906a (console) character file.

Game seed: 17513761273686863607

8 sentinel the Digger (level 2, 5/20 HPs)
             Began as a Meteoran Earth Elementalist on Oct 12, 2022.
             Quit the game on level 1 of the Dungeon.
             The game lasted 00:00:04 (64 turns).

sentinel the Digger (Meteoran Earth Elementalist)     Turns: 64, Time: 00:00:05

Health: 5/20       AC:  2    Str:  9    XL:     2   Next: 29%
Magic:  0/6        EV: 12    Int: 16    God:
Gold:   0          SH:  0    Dex: 14    Spells: 5/6 levels left

rFire   . . .      SeeInvis .   (no weapon)
rCold   . . .      Faith    .   (no shield)
rNeg    . . .      Spirit   .   a - +0 robe
rPois   .          Reflect  .   (no helmet)
rElec   .          Harm     .   (no cloak)
rCorr   .          Rampage  .   (no gloves)
Will    .....                   (no boots)
Stlth   +.........              (no amulet)
HPRegen 0.06/turn               (no ring)
MPRegen 0.10/turn               (no ring)

@: glowing
A: sense surroundings 1, otherworldly, glowing, explore regen
a: no special abilities


You were on level 1 of the Dungeon.
You visited 1 branch of the dungeon, and saw 1 of its levels.

Inventory:

Armour
 a - a +0 robe (worn)
Scrolls
 c - a scroll of identify {unknown}
Potions
 b - a potion of magic


   Skills:
 - Level 2.4 Dodging
 - Level 1.4 Stealth
 - Level 2.6 Spellcasting
 - Level 1.2 Transmutations
 + Level 4.3 Earth Magic


You had 5 spell levels left.
You knew the following spells:

 Your Spells              Type           Power      Damage    Failure   Level
a - Sandblast             Erth           32%        2d9       3%          1

Your spell library contained the following spells:

 Spells                   Type           Power      Damage    Failure   Level
 Passwall                 Tmut/Erth      9%         N/A       10%         2
 Stone Arrow              Conj/Erth      18%        3d8       24%         3
 Petrify                  Tmut/Erth      11%        N/A       52%         4


Dungeon Overview and Level Annotations

Branches:
Dungeon (1/15) Zot: 530

Altars:


Innate Abilities, Weirdness & Mutations

You passively map a small area around you.
You are easily found by Zot.
You glow in the dark.
You regain HP and MP as you explore.


Message History

You can't see any susceptible monsters within range! (Use Z to cast anyway.) Unknown command.
You can't see any susceptible monsters within range! (Use Z to cast anyway.) Unknown command.
You can't see any susceptible monsters within range! (Use Z to cast anyway.) Unknown command.
You can't see any susceptible monsters within range! (Use Z to cast anyway.) Unknown command.
No target in view!
No target in view!
You can't see any susceptible monsters within range! (Use Z to cast anyway.) Unknown command.
You can't see any susceptible monsters within range! (Use Z to cast anyway.) Unknown command.
You can't see any susceptible monsters within range! (Use Z to cast anyway.) Unknown command.
You can't see any susceptible monsters within range! (Use Z to cast anyway.) Unknown command.
You see here a +0 club.
Magic restored.
Found 17 gold pieces.
Unknown command.
A hobgoblin comes into view.
The hobgoblin shouts!
Unknown command.
But you're not safe!
Unknown command.
But you're not safe!
Unknown command.
But you're not safe!
Unknown command.
The blast of sand misses the hobgoblin.
A hobgoblin comes into view.
The blast of sand hits the hobgoblin.
The hobgoblin is heavily wounded.
The hobgoblin shouts!
The blast of sand hits the hobgoblin!
You kill the hobgoblin!
Unknown command.
The blast of sand hits the hobgoblin.
The hobgoblin is severely wounded.
Unknown command.
The blast of sand hits the hobgoblin!
You kill the hobgoblin!
Your Earth Magic skill increases to level 4!
Unknown command.
You are out of magic!
Unknown command.
No target in view!
No target in view!
You are out of magic!
Unknown command.
You are out of magic!
Unknown command.
You are out of magic!
Unknown command.
You are out of magic!
Unknown command.
No target in view!
No target in view!
You are out of magic!
Unknown command.
You are out of magic!
Unknown command.
You are out of magic!
Unknown command.
You are out of magic!
Unknown command. 2 hobgoblins come into view.
Found a fuming clear potion.
The hobgoblin shouts!
You hear a shout!
Unknown command.
But you're not safe!
Unknown command.
But you're not safe!
Unknown command.
But you're not safe!
Unknown command.
But you're not safe!
Unknown command.
A ball python comes into view.
The hobgoblin shouts!
The ball python hisses angrily.
A kobold comes into view. It is wielding a +0 dagger.
The blast of sand hits the hobgoblin!
You kill the hobgoblin!
You have reached level 2!
The blast of sand hits the hobgoblin!
You kill the hobgoblin!
Unknown command.
The blast of sand hits the kobold but does no damage.
A hobgoblin comes into view.
The ball python barely misses you. x2
A dart slug comes into view.
Unknown command.
The blast of sand hits the kobold.
The kobold is heavily wounded.
The ball python closely misses you. The ball python grabs you.
The ball python constricts you. The kobold barely misses you.
The ball python barely misses you. The ball python constricts you.
The kobold hits you with a +0 dagger.
Unknown command.
You hit the ball python.
The ball python is heavily wounded.
The ball python bites you. The ball python constricts you.
The kobold hits you with a +0 dagger.
You closely miss the ball python.
The ball python is heavily wounded.
The ball python bites you. The ball python constricts you.
The kobold hits you but does no damage.
The blast of sand hits the ball python!
You kill the ball python!
The dart slug launches a dart at you. The slug dart hits you.
The kobold misses you.
Unknown command.
The blast of sand misses the kobold.
The kobold closely misses you. The kobold hits you with a +0 dagger.
The hobgoblin hits you.
Unknown command.
You are out of magic!
Unknown command.
You are out of magic!
Unknown command.
You hit the kobold but do no damage.
The kobold is heavily wounded.
The kobold hits you but does no damage. The hobgoblin closely misses you.
You hit the kobold but do no damage.
The kobold is heavily wounded.
The kobold hits you with a +0 dagger. The hobgoblin hits you.
You are out of magic!
Unknown command.
You are out of magic!
Unknown command.
You are out of magic!
Unknown command.
You are out of magic!
Unknown command.
But you're not safe!
Unknown command.
But you're not safe!
Unknown command.
But you're not safe!
Unknown command.
But you're not safe!
Unknown command.
But you're not safe!
Unknown command.
Unknown command.
Unknown command.
Unknown command.
Unknown command.
Are you sure you want to abandon this character and quit the game? (Confirm with "yes".)

#...........# ###.
,#...........# ....
#...........# .....
#...........# ,
..... #......$....#
,
......#...........#
......#....†......#
* ,,
......K...........#
, ,,
...†.wg@....##.####
*
........###.##.####
........# #.##....#
........# #.#####.#
.......!# #.# #.# ,
........# #.#####.#
.....#### #....)..#
,,,..... #######.##
, ,, , * #..#


You could see a dart slug, a hobgoblin and a kobold.

Vanquished Creatures
  A ball python (D:1)
  A goblin (D:1)
  4 hobgoblins (D:1)
6 creatures vanquished.

Notes
Turn   | Place    | Note
-------+----------+-------------------------------------------
     0 | D:1      | sentinel the Meteoran Earth Elementalist began the quest
                  | for the Orb.
     0 | D:1      | Reached XP level 1. HP: 14/14 MP: 5/5
    41 | D:1      | Reached skill level 4 in Earth Magic
    55 | D:1      | Reached XP level 2. HP: 20/20 MP: 4/6
    64 | D:1      | Quit the game

Illustrated notes

Levels and vault maps discovered:
D:1:      minmay_arrival_arboretum_small, layout_basic, minmay_fountain_box,
          wander_ebering_terrifying_dragon_lair

Skill      XL: |  1 |
---------------+----+-----
Earth Magic    | 4 |  4.3
Dodging        | |  2.4
Stealth        | |  1.4
Spellcasting   | |  2.6
Transmutations | |  1.2

Action                   || total
-------------------------++-------
Melee: Unarmed           ||     4
 Cast: Sandblast         ||    12
Armor: Robe              ||     2
Dodge: Dodged            ||     8
